IL
ROUND ROCK EXPRESS @ SCRANTON WB RAILRIDERS
09/02/2044
 
TOP OF THE 1ST
Round Rock Express batting - Pitching for Scranton WB RailRiders : RHP Erik Sever
Pitching: RHP Erik Sever
Batting: RHB Zhi-bin Ou-yang 0-0: Ball
1-0: Bunted foul
1-1: Ball
2-1: Ball
3-1: Called Strike
3-2: Base on Balls
Batting: RHB Rick Concha 0-0: Called Strike
0-1: Called Strike
0-2: Ball
1-2: Ball
2-2: Fielders Choice at 2nd, 4-6 (Groundball, 34, EV 102.5 MPH)
Batting: RHB Rich Stinson 0-0: Ball
1-0: Called Strike
1-1: Called Strike
1-2: SINGLE (Groundball, 56D, EV 105.6 MPH)
Rick Concha to second
Batting: RHB Jose Leon 0-0: Ball
1-0: Called Strike
Rick Concha steals 3rd base
Rich Stinson to second
1-1: Fly out, F7 (Flyball, 78XD, EV 111.9 MPH)
Runner from 3rd tags up, SCORES, no throw by LF
Rich Stinson to third
Batting: RHB Jimmy Hammertime 0-0: Foul Ball, location: 2F
0-1: Swinging Strike
0-2: Foul Ball, location: 2F
0-2: Foul Ball, location: 2F
0-2: Ball
Wild Pitch!
Rich Stinson scores
1-2: Ball
2-2: Ball
3-2: Strikes out swinging
Top of the 1st over - 2 runs, 1 hit, 0 errors, 0 left on base; Round Rock 2 - Scranton WB 0
BOTTOM OF THE 1ST
Scranton WB RailRiders batting - Pitching for Round Rock Express : RHP Danny Walker
Pitching: RHP Danny Walker
Batting: RHB Neal Tinoco 0-0: Called Strike
0-1: Ball
1-1: Called Strike
1-2: Strikes out swinging
Batting: RHB Russ Shambaugh 0-0: SINGLE (Flyball, 56D, EV 101.2 MPH)
Batting: LHB Kazuyoshi Nakamura 0-0: Ball
1-0: Called Strike
1-1: Ball
2-1: Foul Ball, location: 2F
2-2: Foul Ball, location: 2F
2-2: Strikes out swinging
Russ Shambaugh is caught stealing 2nd base 2-6
Batter strikes out.
Bottom of the 1st over - 0 runs, 1 hit, 0 errors, 0 left on base; Round Rock 2 - Scranton WB 0
TOP OF THE 2ND
Round Rock Express batting - Pitching for Scranton WB RailRiders : RHP Erik Sever
Batting: RHB Alan Oxenrider 0-0: Foul Ball, location: 2F
0-1: Ball
1-1: Foul Ball, location: 2F
1-2: SOLO HOME RUN (Line Drive, 89XD, EV 106.9 MPH), Distance : 412 ft
Batting: RHB Ernie Weathersbee 0-0: Ground out 6-3 (Groundball, 6, EV 90.0 MPH)
Batting: RHB Bobby Keithley 0-0: Foul Ball, location: 2F
0-1: Foul Ball, location: 2F
0-2: Ground out 6-3 (Groundball, 6, EV 86.2 MPH)
Batting: RHB Gavin Fimple 0-0: Ball
1-0: Ground out 6-3 (Groundball, 6M, EV 84.4 MPH)
Top of the 2nd over - 1 run, 1 hit, 0 errors, 0 left on base; Round Rock 3 - Scranton WB 0
BOTTOM OF THE 2ND
Scranton WB RailRiders batting - Pitching for Round Rock Express : RHP Danny Walker
Batting: SHB Cristiano Serrão 0-0: Ball
1-0: Swinging Strike
1-1: Foul Ball, location: 2F
1-2: Ground out 4-3 (Groundball, 34D, EV 85.6 MPH)
Batting: RHB Pat Bernier 0-0: Ball
1-0: Ground out 6-3 (Groundball, 6, EV 85.0 MPH)
Batting: RHB Stu Rancourt 0-0: Called Strike
0-1: Ball
1-1: Called Strike
1-2: Ball
2-2: Strikes out looking
Bottom of the 2nd over - 0 runs, 0 hits, 0 errors, 0 left on base; Round Rock 3 - Scranton WB 0
TOP OF THE 3RD
Round Rock Express batting - Pitching for Scranton WB RailRiders : RHP Erik Sever
Batting: RHB Zhi-bin Ou-yang 0-0: Ball
1-0: Ball
2-0: Called Strike
2-1: Called Strike
2-2: Strikes out swinging
Batting: RHB Rick Concha 0-0: Ball
1-0: Ball
2-0: Reached on error, E5 (Groundball, 5, EV 87.5 MPH)
Batting: RHB Rich Stinson 0-0: Called Strike
0-1: Ball
1-1: Ball
2-1: Fielders Choice at 2nd, 5-4 (Groundball, 56S, EV 80.0 MPH)
Batting: RHB Jose Leon 0-0: Ball
1-0: Ball
2-0: Called Strike
2-1: Fly out, F9 (Flyball, 9S, EV 85.0 MPH)
Top of the 3rd over - 0 runs, 0 hits, 1 error, 1 left on base; Round Rock 3 - Scranton WB 0
BOTTOM OF THE 3RD
Scranton WB RailRiders batting - Pitching for Round Rock Express : RHP Danny Walker
Batting: LHB Justin Covington 0-0: Ball
1-0: Swinging Strike
1-1: Swinging Strike
1-2: SOLO HOME RUN (Flyball, 7D, EV 102.5 MPH), Distance : 372 ft
Batting: RHB Jeremy Boerman 0-0: Ball
1-0: Called Strike
1-1: Swinging Strike
1-2: Fly out, F6 (Line Drive, 6, EV 65.0 MPH)
Batting: LHB Brad Ritter 0-0: Foul Ball, location: 2F
0-1: Called Strike
0-2: Ball
1-2: Foul Ball, location: 2F
1-2: Ground out 5-3 (Groundball, 56S, EV 85.6 MPH)
Batting: RHB Neal Tinoco 0-0: Ball
1-0: Ball
2-0: Called Strike
2-1: Swinging Strike
2-2: Ball
3-2: Strikes out swinging
Bottom of the 3rd over - 1 run, 1 hit, 0 errors, 0 left on base; Round Rock 3 - Scranton WB 1
TOP OF THE 4TH
Round Rock Express batting - Pitching for Scranton WB RailRiders : RHP Erik Sever
Batting: RHB Jimmy Hammertime 0-0: Swinging Strike
0-1: Foul Ball, location: 2F
0-2: Foul Ball, location: 2F
0-2: Strikes out swinging
Batting: RHB Alan Oxenrider 0-0: Ball
1-0: Fly out, F7 (Flyball, 7, EV 88.8 MPH)
Batting: RHB Ernie Weathersbee 0-0: Foul Ball, location: 2F
0-1: Ball
1-1: Foul Ball, location: 2F
1-2: Foul Ball, location: 2F
1-2: Foul Ball, location: 2F
1-2: Ball
2-2: SINGLE (Groundball, 3D, EV 94.4 MPH)
Batting: RHB Bobby Keithley 0-0: Ball
1-0: Foul Ball, location: 2F
1-1: Foul Ball, location: 2F
1-2: Ball
2-2: Foul Ball, location: 2F
2-2: Ball
3-2: Base on Balls
Ernie Weathersbee to second
Batting: RHB Gavin Fimple 0-0: Called Strike
0-1: Called Strike
0-2: Strikes out swinging
Top of the 4th over - 0 runs, 1 hit, 0 errors, 2 left on base; Round Rock 3 - Scranton WB 1
BOTTOM OF THE 4TH
Scranton WB RailRiders batting - Pitching for Round Rock Express : RHP Danny Walker
Batting: RHB Russ Shambaugh 0-0: Ball
1-0: Foul Ball, location: 2F
1-1: Swinging Strike
1-2: Strikes out swinging
Batting: LHB Kazuyoshi Nakamura 0-0: Foul Ball, location: 2F
0-1: Ground out U3 (Groundball, 3, EV 81.9 MPH)
Batting: SHB Cristiano Serrão 0-0: Ball
1-0: Ball
2-0: Ball
3-0: Base on Balls
Batting: RHB Pat Bernier 0-0: Called Strike
0-1: Foul Ball, location: 2F
0-2: Ball
1-2: Hit by Pitch
Cristiano Serrão to second
Batting: RHB Stu Rancourt 0-0: Swinging Strike
0-1: Fielders Choice at 2nd, 6-4 (Groundball, 6, EV 108.8 MPH)
Bottom of the 4th over - 0 runs, 0 hits, 0 errors, 2 left on base; Round Rock 3 - Scranton WB 1
TOP OF THE 5TH
Round Rock Express batting - Pitching for Scranton WB RailRiders : RHP Erik Sever
Batting: RHB Zhi-bin Ou-yang 0-0: Called Strike
0-1: Swinging Strike
0-2: Strikes out swinging
Batting: RHB Rick Concha 0-0: Foul Ball, location: 2F
0-1: SINGLE (Groundball, 6MS, EV 76.9 MPH) (infield hit)
Batting: RHB Rich Stinson 0-0: Ball
1-0: Swinging Strike
Rick Concha is caught stealing 2nd base 2-4
1-1: Ball
2-1: Swinging Strike
2-2: Ball
3-2: Foul Ball, location: 2F
3-2: Strikes out swinging
Top of the 5th over - 0 runs, 1 hit, 0 errors, 0 left on base; Round Rock 3 - Scranton WB 1
BOTTOM OF THE 5TH
Scranton WB RailRiders batting - Pitching for Round Rock Express : RHP Danny Walker
Batting: LHB Justin Covington 0-0: Swinging Strike
0-1: Foul Ball, location: 2F
0-2: Ball
1-2: Foul Ball, location: 2F
1-2: Foul Ball, location: 2F
1-2: Foul Ball, location: 2F
1-2: SINGLE (Groundball, 34D, EV 105.0 MPH)
Batting: RHB Jeremy Boerman 0-0: Swinging Strike
Pickoff Throw by Catcher to First - Out!
0-1: Ball
1-1: Called Strike
1-2: Ball
2-2: Strikes out swinging
Batting: LHB Brad Ritter 0-0: Called Strike
0-1: Foul Ball, location: 2F
0-2: Foul Ball, location: 2F
0-2: Ball
1-2: Strikes out swinging
Bottom of the 5th over - 0 runs, 1 hit, 0 errors, 0 left on base; Round Rock 3 - Scranton WB 1
TOP OF THE 6TH
Round Rock Express batting - Pitching for Scranton WB RailRiders : RHP Erik Sever
Pitching: RHP Brandon Woodroffe
Batting: RHB Jose Leon 0-0: Foul Ball, location: 2F
0-1: Fly out, F8 (Flyball, 89XD, EV 75.0 MPH)
Batting: RHB Jimmy Hammertime 0-0: Called Strike
0-1: Fly out, F9 (Flyball, 9, EV 90.6 MPH)
Batting: RHB Alan Oxenrider 0-0: Swinging Strike
0-1: Foul Ball, location: 2F
0-2: Ball
1-2: Foul Ball, location: 2F
1-2: SINGLE (Line Drive, 78S, EV 102.5 MPH)
Batting: RHB Ernie Weathersbee 0-0: Called Strike
0-1: Called Strike
0-2: Ball
1-2: Ball
2-2: Foul Ball, location: 2F
2-2: Ball
3-2: SINGLE (Line Drive, 9LS, EV 103.8 MPH)
Alan Oxenrider to second
Alan Oxenrider to third
Batting: RHB Bobby Keithley 0-0: Fly out, F9 (Flyball, 9D, EV 100.6 MPH)
Top of the 6th over - 0 runs, 2 hits, 0 errors, 2 left on base; Round Rock 3 - Scranton WB 1
BOTTOM OF THE 6TH
Scranton WB RailRiders batting - Pitching for Round Rock Express : RHP Danny Walker
Batting: RHB Neal Tinoco 0-0: Ball
1-0: Foul Ball, location: 2F
1-1: Foul Ball, location: 2F
1-2: Ball
2-2: SINGLE (Groundball, P, EV 84.4 MPH) (infield hit)
Batting: RHB Russ Shambaugh 0-0: Called Strike
0-1: Called Strike
0-2: Strikes out looking
Batting: LHB Kazuyoshi Nakamura 0-0: Called Strike
0-1: Ball
1-1: Fielders Choice at 2nd, 3-6 (Groundball, 34, EV 105.6 MPH)
Batting: SHB Cristiano Serrão 0-0: Ball
1-0: Ball
Kazuyoshi Nakamura is caught stealing 2nd base 2-6
Bottom of the 6th over - 0 runs, 1 hit, 0 errors, 0 left on base; Round Rock 3 - Scranton WB 1
TOP OF THE 7TH
Round Rock Express batting - Pitching for Scranton WB RailRiders : RHP Brandon Woodroffe
Batting: RHB Gavin Fimple 0-0: Foul Ball, location: 2F
0-1: SINGLE (Groundball, 56, EV 95.0 MPH)
Batting: RHB Zhi-bin Ou-yang 0-0: Ball
1-0: Bunted foul
1-1: Bunt missed!
1-2: Ball
2-2: Ball
3-2: Base on Balls
Gavin Fimple to second
Batting: RHB Rick Concha 0-0: Bunted foul
0-1: Bunted foul
0-2: Foul Ball, location: 2F
0-2: Ball
1-2: Ball
2-2: Fielders Choice at 2nd, 3-6 (Groundball, 3S, EV 91.2 MPH)
Gavin Fimple to third
Batting: RHB Rich Stinson 0-0: Ball
Rick Concha steals 2nd base
1-0: Intentional Walk
Batting: RHB Jose Leon 0-0: Ball
1-0: Ball
2-0: Ball
3-0: Called Strike
3-1: Called Strike
3-2: Foul Ball, location: 2F
3-2: Foul Ball, location: 2F
3-2: Base on Balls
Gavin Fimple scores
Rick Concha to third
Rich Stinson to second
Batting: RHB Jimmy Hammertime 0-0: Called Strike
0-1: Called Strike
0-2: Ball
1-2: Ball
2-2: Ball
3-2: Base on Balls
Rick Concha scores
Rich Stinson to third
Jose Leon to second
Pitching: LHP Jason Merritt
Batting: RHB Alan Oxenrider 0-0: Foul Ball, location: 2F
0-1: Ball
1-1: Ball
2-1: Called Strike
2-2: Ball
3-2: Fielders Choice at 2nd, 5-4 (Groundball, 56, EV 83.8 MPH)
Rich Stinson scores
Jose Leon to third
Batting: RHB Ernie Weathersbee 0-0: Called Strike
0-1: Fly out, F8 (Flyball, 8LM, EV 86.2 MPH)
Top of the 7th over - 3 runs, 1 hit, 0 errors, 2 left on base; Round Rock 6 - Scranton WB 1
BOTTOM OF THE 7TH
Scranton WB RailRiders batting - Pitching for Round Rock Express : RHP Danny Walker
Batting: SHB Cristiano Serrão 0-0: Called Strike
0-1: Swinging Strike
0-2: Strikes out swinging
Batting: RHB Pat Bernier 0-0: Called Strike
0-1: Ball
1-1: Ball
2-1: Swinging Strike
2-2: Foul Ball, location: 2F
2-2: Ball
3-2: Strikes out looking
Batting: RHB Stu Rancourt 0-0: Hit by Pitch
Batting: LHB Justin Covington 0-0: Ball
1-0: Ball
2-0: Ball
3-0: Base on Balls
Stu Rancourt to second
Batting: RHB Jeremy Boerman 0-0: Swinging Strike
0-1: Ball
Wild Pitch!
Stu Rancourt to third
Justin Covington to second
1-1: Foul Ball, location: 2F
1-2: Ball
Wild Pitch!
Stu Rancourt scores
Justin Covington to third
2-2: Strikes out looking
Bottom of the 7th over - 1 run, 0 hits, 0 errors, 1 left on base; Round Rock 6 - Scranton WB 2
TOP OF THE 8TH
Round Rock Express batting - Pitching for Scranton WB RailRiders : LHP Jason Merritt
Batting: RHB Bobby Keithley 0-0: Ball
1-0: Ground out 6-3 (Groundball, 56, EV 79.4 MPH)
Batting: RHB Gavin Fimple 0-0: Ball
1-0: Foul Ball, location: 2F
1-1: Ball
2-1: Ground out U3 (Groundball, 34S, EV 81.9 MPH)
Batting: RHB Zhi-bin Ou-yang 0-0: Swinging Strike
0-1: Foul Ball, location: 2F
0-2: Ball
1-2: Ball
2-2: Ball
3-2: Foul Ball, location: 2F
3-2: Base on Balls
Batting: RHB Rick Concha 0-0: Ball
1-0: Ground out 5-3 (Groundball, 56S, EV 89.4 MPH)
Top of the 8th over - 0 runs, 0 hits, 0 errors, 1 left on base; Round Rock 6 - Scranton WB 2
BOTTOM OF THE 8TH
Scranton WB RailRiders batting - Pitching for Round Rock Express : RHP Danny Walker
Pitching: RHP Alex Rushton
Batting: LHB Brad Ritter 0-0: Ball
1-0: Called Strike
1-1: Fly out, F7 (Flyball, 7S, EV 80.0 MPH)
Batting: RHB Neal Tinoco 0-0: Ball
1-0: Called Strike
1-1: Foul Ball, location: 2F
1-2: Strikes out looking
Batting: RHB Russ Shambaugh 0-0: Ball
1-0: Ball
2-0: Fly out, F9 (Flyball, 89XD, EV 101.2 MPH)
Bottom of the 8th over - 0 runs, 0 hits, 0 errors, 0 left on base; Round Rock 6 - Scranton WB 2
TOP OF THE 9TH
Round Rock Express batting - Pitching for Scranton WB RailRiders : LHP Jason Merritt
Pitching: RHP Tom Kelley
Batting: RHB Rich Stinson 0-0: Called Strike
0-1: Called Strike
0-2: Ball
1-2: Ball
2-2: Ball
3-2: DOUBLE (Flyball, 89D, EV 96.2 MPH)
Batting: RHB Jose Leon 0-0: Ball
1-0: Called Strike
1-1: Ground out 4-3 (Groundball, 4D, EV 97.5 MPH)
Rich Stinson to third
Batting: RHB Jimmy Hammertime 0-0: Ball
1-0: Foul Ball, location: 2F
1-1: Foul Ball, location: 2F
1-2: Foul Ball, location: 2F
1-2: Foul Ball, location: 2F
1-2: Ball
2-2: Strikes out swinging
Batting: RHB Alan Oxenrider 0-0: Called Strike
0-1: Ball
1-1: Foul Ball, location: 2F
1-2: Ball
2-2: Strikes out swinging
Top of the 9th over - 0 runs, 1 hit, 0 errors, 1 left on base; Round Rock 6 - Scranton WB 2
BOTTOM OF THE 9TH
Scranton WB RailRiders batting - Pitching for Round Rock Express : RHP Alex Rushton
Batting: LHB Kazuyoshi Nakamura 0-0: Ball
1-0: Ball
2-0: Ball
3-0: Called Strike
3-1: Fly out, F7 (Flyball, 78M, EV 87.5 MPH)
Batting: SHB Cristiano Serrão 0-0: Called Strike
0-1: Ball
1-1: Swinging Strike
1-2: Strikes out swinging
Batting: RHB Pat Bernier 0-0: Swinging Strike
0-1: Ball
1-1: Ball
2-1: Called Strike
2-2: Foul Ball, location: 2F
2-2: Ball
3-2: Foul Ball, location: 2F
3-2: Strikes out looking
Bottom of the 9th over - 0 runs, 0 hits, 0 errors, 0 left on base; Round Rock 6 - Scranton WB 2
Thursday, March 31st , 2022 - OOTP Baseball 22.12 Build 89